AoeStats
← Duckkk

Arabia

513554644Analyzed
1v1 RM · 5d ago on Oct 14, 2026· 22m 19s· 2 players
Game mode
Random Map
Map size
Tiny (2 player)
Population
200
Speed
Normal
Resources
Standard
Victory
Conquest
Starting age
Dark Age
Ending age
Imperial Age
RankedLock teamsTeams togetherTeam positionsShared explorationLock speedFull tech treeHidden civsTurbo modeCheats
Victory
Defeat
🇲🇽 Bulgarians · Mexico
1302
+18
vs
🇭🇰 Ethiopians · Hong Kong SAR China
1335
-18
ALV-Compa Robemmanml
6:45 Loom
9:18 Feudal Age
10:35 Double-Bit Axe
16:10 Horse Collar
22:11 Fletching
22:33 Forging
Duckkk
6:26 Loom
9:01 Feudal Age
10:18 Double-Bit Axe
13:01 Fletching
22:31 Forging
Connection lost

Rejoining the realm…

Still unreachable

The connection could not be restored.

Session expired

The server has moved on; the page needs a fresh start.